 Dungeon Crawl Stone Soup version 0.26.1-13-g052cdd8df3 (webtiles) character file.

Game seed: 5434508411658626952

166903 sankara the Black Belt (level 17, -8/148 HPs)
             Began as a Minotaur Transmuter on Jan 20, 2022.
             Was a High Priest of Okawaru.
             Mangled by a goliath frog (26 damage)
             ... while paralysed by a fenstrider witch
             ... on level 4 of the Swamp.
             The game lasted 02:28:43 (39355 turns).

sankara the Black Belt (Minotaur Transmuter)       Turns: 39355, Time: 02:28:43

Health: -8/148     AC: 25    Str: 21    XL:     17   Next: 30%
Magic:  12/21      EV:  2    Int: 14    God:    Okawaru [*****.]
Gold:   839        SH:  0    Dex: 24    Spells: 5/20 levels left

rFire    + . .     SeeInvis .     - Unarmed
rCold    + + +     Faith    +   (shield currently unavailable)
rNeg     . . .     Spirit   .   U - quicksilver dragon scales of Gellicub {Will+ Str+4}
rPois    +         Reflect  .   L - +2 hat
rElec    .         Harm     .   W - +3 cloak of the Kettle-Drum {Dex+6}
rCorr    .         Rampage  .   (gloves currently unavailable)
Will     ++...                  Q - +2 pair of boots {Fly}
Stlth    ++........             e - amulet of Liberty {Faith rPois rC++ Int+3 Stlth-}
HPRegen  0.34/turn              x - ring of the Octopus King {rF+ AC+1 EV+1 Str+1 Int+1 Dex+1}
MPRegen  0.17/turn              k - ring of protection from cold

@: paralysed, blade hands (expiring), heroism, finesse, marked, wereblooded,
corroded, flying
A: retaliatory headbutt, horns 2
a: Stop Flying, End Transformation, Renounce Religion, Heroism, Finesse


You were on level 4 of the Swamp.
You worshipped Okawaru.
Okawaru was extremely pleased with you.
You had blades for hands.
You visited 5 branches of the dungeon, and saw 28 of its levels.
You also visited: Ossuary, Bailey, Gauntlet and Ice Cave.

You collected 3231 gold pieces.
You spent 2392 gold pieces at shops.

Inventory:

Hand Weapons
 b - a +1 hunting sling (melded)
Missiles
 h - 84 boomerangs
 l - a throwing net
 m - 52 poisoned darts (quivered)
 q - 24 javelins
 y - 866 stones
 F - 157 sling bullets
 I - 14 curare-tipped darts
 O - 4 boomerangs of dispersal
 Y - 4 silver boomerangs
Armour
 g - the +0 pair of boots of the Slightly Bent {rF+}
   (Okawaru gifted it to you on level 2 of the Swamp)

   It protects you from fire.
 L - a +2 hat (worn)
 Q - a +2 pair of boots of flying (worn)
 S - the +0 pair of fencer's gloves (melded) {Riposte Dex+3}
   (You found it in a Gauntlet)

   It affects your dexterity (+3).
 U - the quicksilver dragon scales of Gellicub (worn) {Will+ Str+4}
   (You bought it in a shop on level 2 of the Orcish Mines)

   It affects your strength (+4).
   It affects your willpower, your defense against some magical effects.
 W - the +3 cloak of the Kettle-Drum (worn) {Dex+6}
   (You found it in a Gauntlet)

   It affects your dexterity (+6).
 X - a +1 cloak of preservation
Jewellery
 a - an uncursed ring of see invisible
 e - the amulet of Liberty (around neck) {Faith rPois rC++ Int+3 Stlth-}
   (You found it in a Gauntlet)

   [amulet of faith]

   It allows you to gain divine favour quickly.
   It affects your intelligence (+3).
   It greatly protects you from cold.
   It protects you from poison.
   It makes you less stealthy.
 f - an uncursed amulet of regeneration
 k - a ring of protection from cold (right scythe-like blade)
 p - an uncursed ring of protection from fire
 s - a +4 ring of protection
 x - a ring of the Octopus King (left scythe-like blade) {rF+ AC+1 EV+1 Str+1 Int+1 Dex+1}
   (You found it on level 15 of the Dungeon)

   [ring of protection from fire]

   It affects your AC (+1).
   It affects your evasion (+1).
   It affects your strength (+1).
   It affects your intelligence (+1).
   It affects your dexterity (+1).
   It protects you from fire.
Wands
 v - a wand of random effects (17)
 A - a wand of acid (7)
 B - a wand of enslavement (5)
 G - a wand of iceblast (15)
 J - a wand of digging (13)
 K - a wand of paralysis (32)
 Z - a wand of flame (27)
Scrolls
 c - 15 scrolls of remove curse
 o - 7 scrolls of teleportation
 r - a scroll of amnesia
 w - 10 scrolls of blinking
 D - 4 scrolls of identify
 H - 2 scrolls of fog
 M - a scroll of magic mapping
 T - 2 scrolls of fear
Potions
 d - 3 potions of might
 i - 4 potions of brilliance
 j - 14 potions of curing
 n - 2 potions of haste
 t - a potion of berserk rage
 u - 3 potions of heal wounds
 z - a potion of cancellation
 E - a potion of invisibility
 P - a potion of magic
 R - a potion of resistance
Miscellaneous
 V - a box of beasts


   Skills:
 + Level 12.4(17.4) Fighting
 + Level 5.8(10.8) Throwing
 + Level 15.3(20.3) Armour
 + Level 12.3(17.3) Dodging
 + Level 17.8(22.8) Unarmed Combat
 - Level 2.0 Spellcasting
 - Level 12.0 Transmutations
 - Level 3.0 Ice Magic
 - Level 3.0 Poison Magic
 + Level 7.6 Invocations
 - Level 3.0 Evocations


You had 5 spell levels left.
You knew the following spells:

 Your Spells              Type           Power        Failure   Level
a - Beastly Appendage     Tmut           70%          9%          1
b - Wereblood             Tmut           35%          11%         2
c - Spider Form           Tmut/Pois      11%          30%         3
d - Blade Hands           Tmut           17%          36%         5
e - Ice Form              Ice/Tmut       22%          54%         4

Your spell library contained the following spells:

 Spells                   Type           Power        Failure   Level
 Poisonous Vapours        Pois/Air       10%          69%         2
 Petrify                  Tmut/Erth      18%          69%         4
 Animate Skeleton         Necr           2%           73%         1
 Foxfire                  Conj/Fire      4%           73%         1
 Pain                     Necr           4%           73%         1
 Summon Small Mammal      Summ           4%           73%         1
 Alistair's Intoxication  Tmut/Pois      14%          78%         5
 Call Imp                 Summ           1%           83%         2
 Mephitic Cloud           Conj/Pois/Air  4%           88%         3
 Yara's Violent Unravell  Hex/Tmut       9%           91%         5
 Olgreb's Toxic Radiance  Pois           9%           94%         4
 Call Canine Familiar     Summ           1%           95%         3
 Confusing Touch          Hex            1%           95%         3
 Conjure Flame            Conj/Fire      1%           95%         3
 Gell's Gravitas          Tloc           0%           95%         3
 Inner Flame              Hex/Fire       1%           95%         3
 Portal Projectile        Hex/Tloc       2%           95%         3
 Summon Guardian Golem    Hex/Summ       1%           95%         3
 Vampiric Draining        Necr           0%           95%         3
 Summon Ice Beast         Ice/Summ       5%           99%         4
 Animate Dead             Necr           0%           100%        4
 Cause Fear               Hex            0%           100%        4
 Leda's Liquefaction      Hex/Erth       0%           100%        4
 Sticky Flame             Conj/Fire      1%           100%        4
 Summon Lightning Spire   Summ/Air       1%           100%        4
 Agony                    Necr           1%           100%        5
 Fireball                 Conj/Fire      0%           100%        5
 Metabolic Englaciation   Hex/Ice        2%           100%        5
 Silence                  Hex/Air        0%           100%        5
 Eringya's Noxious Bog    Tmut/Pois      11%          99%         6
 Invisibility             Hex            1%           100%        6
 Discord                  Hex            0%           100%        8


Dungeon Overview and Level Annotations

Branches:
Dungeon (15/15)            Temple (1/1) D:4            Lair (6/6) D:9
  Swamp (4/4) Lair:3       Spider (0/4) Lair:3        Slime (0/5) Lair:6
    Orc (2/2) D:11            Elf (0/3) Orc:2        Vaults (0/5) D:14
 Depths (0/5) D:15        Ossuary (visited)          Bailey (visited)
  IceCv (visited)         Gauntlet (visited)

Altars:
Ashenzari
Cheibriados
Dithmenos
Elyvilon
Fedhas
Gozag
Hepliaklqana
Kikubaaqudgha
Makhleb
Nemelex Xobeh
Okawaru
Qazlal
Ru
Sif Muna
Trog
Uskayaw
Vehumet
Wu Jian
Xom
Yredelemnul
Zin
The Shining One
Beogh

Shops:
D:7 ?   D:9 !   D:15 !   Orc:2 ?([[

Portals:
Hell: Lair:6
Trove: D:11 (show abyssal rune of Zot)

Annotations:
D:10 2 runed translucent doors, exclusion: orange crystal statue
Swamp:3 1 runed translucent door, pleonasm's ghost, adept OgBe


Innate Abilities, Weirdness & Mutations

You reflexively headbutt those who attack you in melee.
You have a pair of horns on your head.


Message History

Okawaru accepts your kill.
The goliath frog hits you but does no damage.
Unknown command.
You slice the fenstrider witch!! You headbutt the fenstrider witch!
You slash the fenstrider witch!
The fenstrider witch is almost dead.
The foxfire dissipates!
A tyrant leech comes into view.
The fenstrider witch gestures at you while chanting.
You suddenly lose the ability to move!
The goliath frog hits you from afar!!
* * * LOW HITPOINT WARNING * * *
You are splashed with acid!
* * * LOW HITPOINT WARNING * * *
The alligator puts on a burst of speed!
The fenstrider witch casts a spell at you.
Your body is wracked with pain!
* * * LOW HITPOINT WARNING * * *
The goliath frog hits you from afar!!
You die...

♣♣♣≈♣♣♣≈♣♣≈..†≈≈.≈.≈###
≈≈.≈♣ ♣♣♣.§≈§≈≈...≈##. ≈≈
≈≈..♣♣♣≈...≈†≈...≈##≈##≈≈
≈≈.≈..........♣♣♣##≈≈#w#
♣♣≈≈≈≈≈..≈.♣♣.♣♣ ♣n.t#
♣≈≈≈≈≈≈.≈.≈♣≈≈≈♣ ≈..≈#
♣≈≈≈≈≈.♣.♣♣♣♣≈†♣#♣Fv.≈#
.≈≈≈≈≈♣♣♣♣♣♣..†R#H≈§≈.♣#
.§≈≈≈.≈≈ ♣≈...(#@[§≈≈≈≈#
♣.≈≈.≈.≈≈....♣.#).≈♣≈≈≈.#
♣♣..♣♣..≈≈..≈♣♣#§≈≈≈≈≈≈##
♣♣≈♣♣ ...≈≈.♣ #≈≈≈.♣## ♣
♣♣♣♣♣ #.≈♣## #♣♣#


You could see an eleionoma, an alligator (swift), a fenstrider witch, a tyrant
leech, a goliath frog (strong), a will-o-the-wisp and a bog body.

Vanquished Creatures
  2 Ice Fiends (IceCv)
  Rupert (D:15)
  Gastronok (D:9)
  2 fenstrider witches (Swamp:4)
  2 orc warlords (Orc:2)
  Louise (D:15)
  A vampire knight (D:15)
  5 bunyips
  A minotaur (Gauntlet)
  A blizzard demon (Swamp:4)
  5 eleionomae
  A shambling mangrove (Swamp:1)
  A yaktaur captain (D:15)
  2 ogre magi
  4 vault guards
  A rakshasa (D:14)
  A boulder beetle (D:14)
  19 hydras
  4 centaur warriors
  A ghost crab (Swamp:2)
  8 two-headed ogres
  A death knight (D:15)
  2 tengu warriors
  9 alligators
  An orc high priest (Orc:2)
  Urug (Lair:1)
  A fire crab (Lair:6)
  A fire crab (shapeshifter) (D:15)
  14 spriggans
  5 goliath frogs
  4 unseen horrors
  2 sixfirhies
  3 spriggan druids
  A bog body (Swamp:4)
  5 swamp dragons
  5 wizards
  Pikel (D:7)
  A phantasmal warrior (D:15)
  8 orc knights
  A deep elf archer (D:14)
  An ugly thing (D:12)
  9 cyclopes
  A wolf spider (D:15)
  A deep elf mage (D:14)
  A will-o-the-wisp (Swamp:1)
  5 orc sorcerers
  A moth of wrath (Gauntlet)
  4 manticores
  5 black mambas
  8 elephants (Lair:6)
  A smoke demon (Lair:6)
  17 cane toads
  3 ice statues
  A torpor snail (Lair:6)
  3 orange demons
  5 gargoyles
  7 rime drakes
  An efreet (D:14)
  3 kobold demonologists
  8 komodo dragons
  A hellwing (Swamp:4)
  2 freezing wraiths (D:15)
  2 tengu conjurers
  5 jumping spiders (Lair:3)
  11 trolls
  13 ice devils
  9 tyrant leeches
  2 polar bears (Lair:3)
  2 red devils (Lair:6)
  20 blink frogs
  6 slime creatures
  19 hornets
  5 dream sheep (Lair:6)
  2 water elementals (D:12)
  4 redbacks (Lair:3)
  6 shadows
  5 wraiths
  36 yaks
  A human (D:14)
  6 wyverns
  Eustachio (D:5)
  3 chaos spawn
  A neqoxec (Gauntlet)
  4 vampire mosquitoes (Swamp:3)
  2 basilisks
  9 wargs
  20 swamp worms
  17 water moccasins
  2 acid dragons
  4 hell hounds (Lair:6)
  5 sky beasts
  A meliai simulacrum (D:14)
  6 black bears
  A swamp drake (Swamp:3)
  45 orc warriors
  2 ice beasts
  An eye of draining (D:10)
  A necrophage (D:3)
  6 phantoms
  18 wolves
  20 ogres
  The ghost of emiel the Slasher, an amateur DsDe (D:4)
  2 centaurs
  A tengu (shapeshifter) (D:14)
  3 lemures (D:7)
  18 big kobolds
  A gnoll sergeant (D:11)
  23 bullfrogs
  A wyvern skeleton (D:14)
  6 scorpions
  A water moccasin skeleton (D:7)
  8 killer bees
  4 howler monkeys
  7 wights
  10 electric eels
  2 centaur zombies
  3 bullfrog zombies
  6 jellies
  6 centaur skeletons
  11 hounds
  37 orc priests
  A bullfrog skeleton (D:12)
  30 orc wizards
  4 iguanas
  8 worker ants
  5 big kobold zombies (Ossuary)
  2 hound skeletons
  2 hound zombies (D:6)
  A mummy (Ossuary)
  A worker ant zombie (D:8)
  8 gnolls
  20 adders
  6 shadow imps
  3 white imps
  13 ufetubi
  An ooze (D:3)
  An adder skeleton (D:8)
  An adder zombie (D:7)
  3 worms (D:2)
  2 dart slugs
  12 leopard geckos
  157 orcs
  2 spectral bats (Ossuary)
  13 bats
  9 giant cockroaches
  7 gnoll zombies (Ossuary)
  13 goblins
  11 hobgoblins
  16 jackals
  5 quokkas
  2 bat simulacra (Ossuary)
  6 frilled lizards
  A goblin simulacrum (Ossuary)
  5 goblin zombies (Ossuary)
  6 hobgoblin zombies (Ossuary)
  A jackal zombie (D:5)
  59 kobolds
  4 kobold simulacra (Ossuary)
  3 kobold zombies (Ossuary)
  2 leopard gecko skeletons
  4 orc zombies (Ossuary)
  A quokka zombie (D:5)
  5 rats
  A rat zombie (D:8)
  5 spectral goblins (Ossuary)
  4 spectral kobolds (Ossuary)
  A spectral rat (Ossuary)
1159 creatures vanquished.

Vanquished Creatures (others)
  A bloated husk (Swamp:1)
  3 white imps (IceCv)
  5 ufetubi (IceCv)
  An orc (D:12)
  2 bat simulacra (Ossuary)
  2 goblin simulacra (Ossuary)
  2 rat simulacra (Ossuary)
  11 demonic plants (Gauntlet)
  6 foxfires
  15 fungi
  60 plants
108 creatures vanquished.

Grand Total: 1267 creatures vanquished

Notes
Turn   | Place    | Note
-------+----------+-------------------------------------------
     0 | D:1      | sankara the Minotaur Transmuter began the quest for the
                  | Orb.
     0 | D:1      | Reached XP level 1. HP: 16/16 MP: 1/1
   451 | D:1      | Reached XP level 2. HP: 23/23 MP: 0/3
   456 | D:1      | Learned a level 2 spell: Wereblood
   994 | D:1      | Reached skill level 4 in Unarmed Combat
  1034 | D:1      | Reached XP level 3. HP: 27/28 MP: 2/4
  1329 | D:2      | Found a faded altar of an unknown god.
  1465 | D:2      | Reached XP level 4. HP: 22/35 MP: 3/5
  1469 | D:2      | Learned a level 3 spell: Spider Form
  1519 | D:2      | Noticed a phantom
  1677 | D:2      | Killed a phantom
  1678 | D:2      | Reached skill level 1 in Poison Magic
  1678 | D:2      | Reached XP level 5. HP: 29/40 MP: 2/6
  2772 | D:3      | Reached skill level 5 in Unarmed Combat
  2960 | D:3      | Reached XP level 6. HP: 37/47 MP: 3/7
  3895 | D:4      | Reached XP level 7. HP: 47/52 MP: 4/8
  3963 | D:4      | Found a staircase to the Ecumenical Temple.
  3982 | Temple   | Entered the Ecumenical Temple
  4042 | Temple   | Became a worshipper of Warmaster Okawaru
  4434 | D:4      | Reached skill level 1 in Throwing
  4576 | D:4      | Reached skill level 6 in Unarmed Combat
  4962 | D:4      | Found a runed translucent door.
  4964 | D:4      | Noticed emiel's ghost (amateur DsDe)
  5459 | D:5      | Entered Level 5 of the Dungeon
  5563 | D:5      | Reached XP level 8. HP: 62/62 MP: 1/9
  5674 | D:5      | Reached * piety under Okawaru
  5853 | D:4      | Killed emiel's ghost
  5854 | D:4      | Reached skill level 1 in Invocations
  5987 | D:5      | Noticed Eustachio
  5999 | D:5      | Killed Eustachio
  6232 | D:5      | Reached skill level 7 in Unarmed Combat
  6988 | D:6      | Reached ** piety under Okawaru
  7161 | D:6      | Reached skill level 5 in Transmutations
  7233 | D:6      | Reached XP level 9. HP: 72/72 MP: 6/10
  7479 | D:6      | Found a sacrificial altar of Ru.
  7623 | D:6      | Reached skill level 8 in Unarmed Combat
  7896 | D:7      | Reached skill level 5 in Dodging
  8035 | D:7      | Reached skill level 5 in Fighting
  8078 | D:7      | Reached *** piety under Okawaru
  8146 | D:7      | Found a sparkling altar of Nemelex Xobeh.
  8278 | D:7      | Found a hazy altar of Hepliaklqana.
  8279 | D:7      | Found a shimmering altar of Xom.
  8280 | D:7      | Noticed a spectral ugly thing
  8296 | D:7      | Reached skill level 9 in Unarmed Combat
  8506 | D:7      | Noticed Pikel
  8573 | D:7      | Killed Pikel
  8600 | D:7      | Found Cof Jogg's Magic Scroll Shoppe.
  8649 | D:8      | Found a sand-covered staircase.
  8661 | D:8      | Reached **** piety under Okawaru
  8728 | D:8      | Reached XP level 10. HP: 76/81 MP: 3/12
  8733 | Ossuary  | Entered an ossuary
  9714 | D:8      | Found a stormy altar of Qazlal.
 10066 | D:8      | Found a burning altar of Makhleb.
 10390 | D:8      | Noticed a sixfirhy
 10391 | D:8      | Reached skill level 5 in Invocations
 10400 | D:8      | Reached ***** piety under Okawaru
 10856 | D:8      | Noticed a +0 hand axe
 10858 | D:8      | Noticed a +0 hand axe
 10860 | D:8      | Found a hide-covered altar of Uskayaw.
 10924 | D:8      | Found a shimmering blue altar of Sif Muna.
 10925 | D:8      | Found a stormy altar of Qazlal.
 11184 | D:9      | Noticed Gastronok
 11257 | D:9      | Found a flagged portal.
 11281 | Bailey   | Entered a bailey
 11503 | Bailey   | Reached skill level 10 in Unarmed Combat
 11545 | Bailey   | Found the +4 dagger "Morg" {pain, Will+ Int+5}
 11545 | Bailey   | Found a burning altar of Makhleb.
 11598 | D:9      | Found a broken altar of Ashenzari.
 11924 | D:9      | Reached skill level 5 in Throwing
 11936 | D:9      | Received a gift from Okawaru
 12023 | D:9      | Found a staircase to the Lair.
 12109 | D:9      | Reached XP level 11. HP: 88/92 MP: 8/14
 12357 | D:9      | Killed Gastronok
 12485 | D:9      | Found Athrauxzu's Distillery.
 12833 | Lair:1   | Entered Level 1 of the Lair of Beasts
 12841 | D:9      | Learned a level 4 spell: Ice Form
 12985 | Lair:1   | Reached skill level 1 in Ice Magic
 13551 | Lair:1   | Noticed Urug
 13580 | Lair:1   | Killed Urug
 14109 | Lair:2   | Received a gift from Okawaru
 14413 | Lair:2   | Received a gift from Okawaru
 14702 | Lair:2   | Reached skill level 11 in Unarmed Combat
 14762 | Lair:2   | Reached XP level 12. HP: 103/103 MP: 10/16
 15121 | Lair:2   | Learned a level 5 spell: Blade Hands
 15263 | Lair:3   | Noticed a four-headed hydra
 15282 | Lair:3   | Killed a four-headed hydra
 15282 | Lair:3   | Received a gift from Okawaru
 15523 | Lair:3   | Reached skill level 1 in Evocations
 15589 | Lair:3   | Reached ****** piety under Okawaru
 15671 | Lair:3   | Found a hole to the Spider Nest.
 15691 | Lair:3   | Received a gift from Okawaru
 15851 | Lair:3   | Noticed a four-headed hydra
 15858 | Lair:3   | Killed a four-headed hydra
 16162 | Lair:3   | Noticed a seven-headed hydra
 16211 | Lair:3   | Killed a seven-headed hydra
 16242 | Lair:3   | Reached skill level 12 in Unarmed Combat
 16532 | Lair:3   | Noticed an eight-headed hydra
 16539 | Lair:3   | Killed an eight-headed hydra
 16616 | Lair:3   | Found a staircase to the Swamp.
 16754 | Lair:4   | Received a gift from Okawaru
 17018 | Lair:4   | Noticed a seven-headed hydra
 17069 | Lair:4   | Killed a seven-headed hydra
 17072 | Lair:4   | Reached XP level 13. HP: 93/111 MP: 7/17
 17443 | Lair:4   | Reached skill level 13 in Unarmed Combat
 18381 | Lair:5   | Reached skill level 10 in Transmutations
 18710 | Lair:5   | Received a gift from Okawaru
 19288 | Lair:6   | Entered Level 6 of the Lair of Beasts
 19406 | Lair:6   | Received a gift from Okawaru
 19444 | Lair:6   | Found a staircase to the Slime Pits.
 20210 | Lair:6   | Reached skill level 14 in Unarmed Combat
 20647 | Lair:6   | Reached skill level 10 in Fighting
 20982 | Lair:6   | Reached skill level 10 in Dodging
 21077 | Lair:6   | Found a burning altar of Makhleb.
 21102 | Lair:6   | Reached XP level 14. HP: 82/121 MP: 10/18
 21141 | Lair:6   | Found a gateway to Hell.
 21633 | Lair:6   | Received a gift from Okawaru
 21634 | Lair:6   | Got a pair of dazzling gloves {god gift}
 21692 | Lair:5   | Identified the +0 pair of gloves of Circular Logic {rCorr}
                  | (Okawaru gifted it to you on level 6 of the Lair of Beasts)
 22106 | D:10     | Entered Level 10 of the Dungeon
 22106 | D:10     | Found a runed translucent door.
 22365 | D:10     | Found a runed translucent door.
 22423 | D:10     | Found the +10 tower shield of Ignorance {rN+ Int-4}
 23286 | D:11     | Reached skill level 1 in Armour
 23406 | D:11     | Found an opulent altar of Gozag.
 23859 | D:11     | Found a roughly hewn altar of Beogh.
 23859 | D:11     | Found a staircase to the Orcish Mines.
 24237 | D:11     | Found a portal to a secret trove of treasure.
 25283 | D:12     | Reached skill level 5 in Armour
 25909 | Orc:1    | Entered Level 1 of the Orcish Mines
 25972 | Orc:1    | Found a radiant altar of Vehumet.
 26002 | Orc:1    | Received a gift from Okawaru
 26247 | Orc:2    | Entered Level 2 of the Orcish Mines
 26261 | Orc:2    | Reached skill level 15 in Unarmed Combat
 26563 | Orc:2    | Found a roughly hewn altar of Beogh.
 26579 | Orc:2    | Found a roughly hewn altar of Beogh.
 26586 | Orc:2    | Found Ussoshej's Magic Scroll Shoppe.
 26603 | Orc:2    | Found a roughly hewn altar of Beogh.
 26998 | Orc:2    | Found a roughly hewn altar of Beogh.
 27028 | Orc:2    | Found Maulyu's Antique Armour Shop.
 27033 | Orc:2    | Bought steaming quicksilver dragon scales for 2145 gold
                  | pieces
 27043 | Orc:2    | Identified the quicksilver dragon scales of Gellicub {Will+
                  | Str+4} (You bought it in a shop on level 2 of the Orcish
                  | Mines)
 27085 | Orc:2    | Noticed an orc warlord
 27121 | Orc:2    | Killed an orc warlord
 27130 | Orc:2    | Reached XP level 15. HP: 65/132 MP: 2/19
 27409 | Orc:2    | Noticed an orc warlord
 27428 | Orc:2    | Killed an orc warlord
 27571 | Orc:2    | Found Figelam's Antique Weapon Emporium.
 27583 | Orc:2    | Found Jiwnus's Antique Armour Shoppe.
 27584 | Orc:2    | Found a roughly hewn altar of Beogh.
 27728 | Orc:2    | Found a roughly hewn altar of Beogh.
 27865 | Orc:2    | Found a staircase to the Elven Halls.
 27952 | Orc:2    | Found a roughly hewn altar of Beogh.
 28061 | Orc:2    | Bought a glowing cloak for 247 gold pieces
 29843 | D:14     | Received a gift from Okawaru
 30035 | D:14     | Received a gift from Okawaru
 31037 | D:14     | Found a gate to the Vaults.
 31152 | D:15     | Entered Level 15 of the Dungeon
 31234 | D:15     | Found Ilestreeps's Distillery.
 31234 | D:15     | Found a gate leading to a gauntlet.
 31270 | Gauntlet | Entered a Gauntlet
 31270 | Gauntlet | Found a transporter.
 31270 | Gauntlet | Found a transporter.
 31294 | Gauntlet | Found a transporter.
 31296 | Gauntlet | Found a transporter.
 31309 | Gauntlet | Found a transporter.
 31310 | Gauntlet | Found a transporter.
 31321 | Gauntlet | Found a transporter.
 31349 | Gauntlet | Found a transporter.
 31366 | Gauntlet | Found a transporter.
 31369 | Gauntlet | Found a transporter.
 31391 | Gauntlet | Found a transporter.
 31394 | Gauntlet | Found a transporter.
 31669 | Gauntlet | Got a glittering platinum amulet
 31677 | Gauntlet | Identified the amulet of Liberty {Faith rPois rC++ Int+3
                  | Stlth-} (You found it in a Gauntlet)
 31761 | Gauntlet | Identified the cursed +2 rapier "Wuqi" {flame, rN+}
 31761 | Gauntlet | Identified the +4 shortbow "Ehut" {venom, rElec rF+++ rC+
                  | Stlth-}
 31762 | Gauntlet | Found the +0 pair of fencer's gloves {Riposte Dex+3}
 31784 | Gauntlet | Identified the Handbook of Curses
 31786 | Gauntlet | Got twisted acid dragon scales
 31790 | Gauntlet | Identified Sif Muna's Guide on Venom
 31825 | Gauntlet | Got a fading cloak
 31827 | Gauntlet | Identified the +1 acid dragon scales of the Eight Ziggurats
                  | {Harm rC- rN+++ Regen+ rCorr} (You found it in a Gauntlet)
 31828 | Gauntlet | Identified the +3 cloak of the Kettle-Drum {Dex+6} (You
                  | found it in a Gauntlet)
 32259 | D:15     | Reached skill level 10 in Armour
 32278 | D:15     | Received a gift from Okawaru
 32281 | D:15     | Got a translucent hat {god gift}
 32293 | D:15     | Identified the -2 hat "Poer" {rF+ Regen+} (Okawaru gifted
                  | it to you on level 15 of the Dungeon)
 32403 | D:15     | Found the ring of the Octopus King
 32420 | D:15     | Got a ring of the Octopus King
 32422 | D:15     | Identified a ring of the Octopus King {rF+ AC+1 EV+1 Str+1
                  | Int+1 Dex+1} (You found it on level 15 of the Dungeon)
 32659 | D:15     | Reached skill level 16 in Unarmed Combat
 32741 | D:15     | Noticed Rupert
 32750 | D:15     | Killed Rupert
 33103 | D:15     | Reached XP level 16. HP: 139/139 MP: 15/20
 33251 | D:15     | Found a staircase to the Depths.
 33287 | D:15     | Noticed Louise
 33293 | D:15     | Killed Louise
 33890 | Swamp:1  | Entered Level 1 of the Swamp
 34027 | Swamp:1  | Received a gift from Okawaru
 34146 | Swamp:1  | Found a frozen archway.
 34231 | IceCv    | Entered an ice cave
 34353 | IceCv    | Received a gift from Okawaru
 34464 | IceCv    | Noticed an Ice Fiend
 34473 | IceCv    | Killed an Ice Fiend
 34618 | IceCv    | Noticed an Ice Fiend
 34633 | IceCv    | Killed an Ice Fiend
 34644 | IceCv    | Got a transparent scale mail
 36656 | Swamp:2  | Received a gift from Okawaru
 36657 | Swamp:2  | Got a pair of scorched boots {god gift}
 36691 | Swamp:2  | Identified the +0 pair of boots of the Slightly Bent {rF+}
                  | (Okawaru gifted it to you on level 2 of the Swamp)
 36777 | Swamp:2  | Reached skill level 17 in Unarmed Combat
 37032 | Swamp:3  | Found a runed translucent door.
 37044 | Swamp:3  | Found a shimmering altar of Xom.
 37044 | Swamp:3  | Noticed pleonasm's ghost (adept OgBe)
 37050 | Swamp:3  | Identified the +11 great sword of Vosynir {chaos, rPois
                  | Str-4 Int+9 Stlth+}
 37541 | Swamp:3  | Reached skill level 15 in Armour
 38566 | Swamp:4  | Entered Level 4 of the Swamp
 38614 | Swamp:4  | Reached XP level 17. HP: 103/146 MP: 14/21
 39314 | Swamp:4  | Received a gift from Okawaru
 39353 | Swamp:4  | Paralysed by a fenstrider witch for 4 turns
 39355 | Swamp:4  | Mangled by a goliath frog

Illustrated notes

Levels and vault maps discovered:
D:1:      dpeg_arrival_fog, layout_basic, amcnicky_mini_pool_small,
          minmay_tetromino_s2
D:2:      layout_loops_cross, chequers_ecumenical_altar_lobes
D:3:      layout_loops_ring, minmay_mini_jars
D:4:      kennysheep_six_static_rooms, layout_rooms,
          minmay_temple_entry_offerings, ebering_ghost_inner_flame,
          kennysheep_generic_room_5
D:5:      layout_loops_ring, uniq_eustachio
D:6:      layout_rooms, nicolae_ru_great_annihilating_truth
D:7:      layout_rooms, regret_index_temple_of_mockery, basic_altar,
          serial_shops, nicolae_shop_crystal, st_stairs_12, uniq_pikel
D:8:      layout_basic, dancing_weapons_uskayaw,
          gammafunk_temple_overflow_statue, special_room [special_room_kobold],
          basic_altar, enter_ossuary_3, makhleb_heckhound_becter
D:9:      layout_cave_pools, overflow_temple_1_default,
          erik_lair_orcish_takeover, serial_shops, kennysheep_mini,
          enter_bailey_3, uniq_gastronok
D:10:     layout_irregular_city, chequers_guarded_unrand_ignorance
D:11:     layout_loops_cross, david_orc_5, enter_trove_5, minivault_22,
          nicolae_gozag_cash_rules_everything_around_me
D:12:     layout_basic
D:13:     layout_loops_ring
D:14:     layout_irregular_city, grunt_vaults_entry_fortified,
          serial_bayou_lagoon_a, grunt_ministairs_4
D:15:     hangedman_depths_entry_civil_slaughter, layout_long_grid,
          roderic_lattice_octagonal_star, serial_shops, shop,
          gauntlet_entry_generic, minmay_radiant, uniq_louise, uniq_rupert
Temple:   eino_temple_rhombus
Lair:1:   layout_misc_corridors, lemuel_fruit_tree, grunt_megastairs_3,
          infiniplex_staircase_pool, uniq_urug
Lair:2:   dpeg_oklob_shooting_range, layout_chaotic_city, grunt_megastairs_5
Lair:3:   layout_gridlike, palyth_hydra_swamp_entry,
          nicolae_spider_entry_tight_spaces
Lair:4:   layout_gridlike, serial_bayou_shore_b, grunt_megastairs_4
Lair:5:   layout_regular_city
Lair:6:   evil_forest, layout_small_grid, minmay_slime_entry_pillars,
          st_stairs_13, chequers_serial_rivers_small_b, lemuel_fruit_fields
Swamp:1:  layout_basic_swamp, portal_ice_cave_entry_ice_statue_one,
          evilmike_swamp_ruin_house_6, swamp_pool4
Swamp:2:  layout_falls_marsh, nicolae_swamp_trees_clearing
Swamp:3:  layout_falls_marsh, ebering_ghost_xom, hangedman_swamp_ruin_wall,
          swamp_pool3, lightli_tree_ring
Swamp:4:  nzn_swamp_witches_coven, layout_basic_swamp, swamp_pool1
Orc:1:    layout_diamond_mine, basic_altar, david_defended_altar_orc
Orc:2:    grunt_orc_community_town_hall, layout_caves,
          grunt_orc_community_big_house_2, grunt_orc_community_big_house_2,
          grunt_orc_community_house_3, grunt_orc_community_house_2,
          grunt_orc_community_house_1, grunt_orc_community_house_1,
          grunt_orc_community_house_3, basic_altar

Skill      XL: |  1  2  3  4  5  6  7  8  9 10 11 12 13 14 15 16 |
---------------+-------------------------------------------------+-----
Transmutations | 2 3 4 5 6 7 9 10 11 12 | 12.0
Unarmed Combat | 4 5 6 7 9 10 11 12 14 15 16 17 | 17.8
Poison Magic   | 1 2 3 |  3.0
Fighting       | 2 4 5 7 8 9 10 11 12 | 12.4
Throwing       | 1 3 5 |  5.8
Dodging        | 3 4 5 6 8 9 10 11 12 | 12.3
Invocations    | 2 4 5 7 |  7.6
Ice Magic      | 3 |  3.0
Spellcasting   | 2 |  2.0
Evocations     | 3 |  3.0
Armour         | 6 11 15 | 15.3

Action                   |  1- 3 |  4- 6 |  7- 9 | 10-12 | 13-15 | 16-18 || total
-------------------------+-------+-------+-------+-------+-------+-------++-------
Melee: Unarmed           |    89 |   155 |   431 |   684 |  1306 |   367 ||  3032
       Headbutt          |    13 |     4 |     5 |    10 |    89 |    96 ||   217
       Kick              |    12 |     4 |       |       |       |       ||    16
       Punch             |     1 |       |     3 |     1 |    31 |    43 ||    79
       Hunting sling     |       |       |       |     1 |       |       ||     1
 Fire: Hunting sling     |       |       |       |   158 |    85 |     4 ||   247
Throw: Stone             |     2 |       |     2 |     3 |       |       ||     7
       Dart              |       |     5 |    24 |    28 |    14 |       ||    71
       Boomerang         |       |       |       |     6 |       |       ||     6
 Cast: Beastly Appendage |    20 |     5 |       |       |       |       ||    25
       Spider Form       |       |    23 |    67 |    93 |    86 |       ||   269
       Ice Form          |       |       |       |     4 |    26 |     4 ||    34
       Wereblood         |       |       |       |     2 |    21 |     7 ||    30
       Blade Hands       |       |       |       |     1 |    57 |    47 ||   105
Invok: Heroism           |       |       |     2 |    20 |    30 |    10 ||    62
       Finesse           |       |       |       |     5 |     8 |     5 ||    18
 Abil: End Transformatio |       |       |     1 |     1 |     6 |       ||     8
  Use: Potion            |     1 |       |       |     2 |     2 |       ||     5
       Scroll            |       |     1 |    12 |    11 |    17 |     3 ||    44
 Stab: Sleeping          |     2 |     1 |       |     3 |     2 |       ||     8
       Distracted        |       |       |     1 |     1 |     1 |       ||     3
       Paralysed         |       |       |     1 |       |       |       ||     1
Armor: Robe              |    14 |    16 |     7 |    17 |     3 |       ||    57
       Skin              |       |    12 |    38 |    42 |    65 |     8 ||   165
       Quicksilver drago |       |       |       |       |    89 |   136 ||   225
       Troll leather arm |       |       |       |       |     2 |       ||     2
Dodge: Dodged            |    45 |   146 |   349 |   679 |  1323 |   317 ||  2859
       Rpst.: Hunting sling |       |       |       |       |     1 |       ||     1
